 Dungeon Crawl Stone Soup version 0.22.1-2-g9c5b331 (webtiles) character file.

16 ubloh the Firebug (level 2, 0/15 HPs)
             Began as a Deep Elf Fire Elementalist on Dec 25, 2018.
             Hit by a stone thrown by something (2 damage)
             ... on level 1 of the Dungeon.
             The game lasted 00:04:03 (454 turns).

ubloh the Firebug (Deep Elf Fire Elementalist)       Turns: 454, Time: 00:04:04

Health: 0/15       AC:  2    Str:  5    XL:     2   Next: 37%
Magic:  6/8        EV: 13    Int: 19    God:
Gold:   30         SH:  0    Dex: 15    Spells: 4/7 levels left

rFire    . . .     SeeInvis .   g - +0 dagger
rCold    . . .     Gourm    .   (no shield)
rNeg     . . .     Faith    .   a - +0 robe
rPois    .         Spirit   .   (no helmet)
rElec    .         Reflect  .   (no cloak)
rCorr    .         Harm     .   (no gloves)
MR       .....                  (no boots)
Stlth    ++........             (no amulet)
HPRegen  0.05/turn              (no ring)
MPRegen  0.11/turn              (no ring)

@: no status effects
A: no striking features
a: no special abilities


You were on level 1 of the Dungeon.
You were not hungry.

You visited 1 branch of the dungeon, and saw 1 of its levels.

You collected 30 gold pieces.

Inventory:

Hand Weapons
 g - a +0 dagger (weapon)
Missiles
 h - 16 stones (quivered)
 j - 21 sling bullets
Armour
 a - a +0 robe (worn)
Scrolls
 b - a scroll of fog {unknown}
 i - a scroll of identify {unknown}
 k - a scroll of random uselessness {unknown}
Potions
 e - 2 potions of resistance {unknown}
 f - a potion of heal wounds {unknown}
Comestibles
 c - a ration
 d - 7 chunks of flesh


   Skills:
 + Level 2.7 Dodging
 - Level 2.4 Stealth
 + Level 3.2 Spellcasting
 * Level 1.9 Conjurations
 + Level 3.5 Fire Magic


You had 4 spell levels left.
You knew the following spells:

 Your Spells              Type           Power        Failure   Level  Hunger
a - Flame Tongue          Conj/Fire      ##...        4%          1    None
b - Throw Flame           Conj/Fire      ##....       8%          2    ##.....

Your spell library contained the following spells:

 Spells                   Type           Power        Failure   Level  Hunger
 Conjure Flame            Conj/Fire      ##......     14%         3    ###....
 Inner Flame              Hex/Fire       #.......     22%         3    ###....
 Sticky Flame             Conj/Fire      ##......     43%         4    ####...
 Fireball                 Conj/Fire      ##........   80%         5    ######.


Dungeon Overview and Level Annotations

Branches:
Dungeon (1/15)

Altars:


Message History

A stone appears from out of thin air!
The stone hits you.
You see here a stone.
A stone appears from out of thin air!
The stone hits you but does no damage.
You see here a stone.
A stone appears from out of thin air!
The stone hits you.
You see here a stone.
A stone appears from out of thin air!
The stone barely misses you.
You see here a stone.
A stone appears from out of thin air!
The stone hits you.
A stone appears from out of thin air!
The stone hits you.
You see here a stone.
Your magical contamination has completely faded away.
There is an escape hatch in the floor here.
You start resting.
A stone appears from out of thin air!
The stone hits you.
* * * LOW HITPOINT WARNING * * *
A stone appears from out of thin air!
The stone hits you.
* * * LOW HITPOINT WARNING * * *
A stone appears from out of thin air!
The stone hits you.
You die...

.........................>..'.#
######....#.#......###......#.#
###....#.............#.#....#.#
.......#...)..#......#.#....#.#
.......#.....###.....#+#....#..
.......#......#.............###
....##.#...................##
..........#..<#...#........#
.....(...###.###@###.......#
###...#...#...#>..#............
..#...#........................#
......#.......#........#.........
(....##......###.....#........###
.....##.......#......#........#
...####..............#....#####
...####...................#
......######...#.....#....


There were no monsters in sight!

Vanquished Creatures
  A dart slug (D:1)
  A giant cockroach (D:1)
  2 goblins (D:1)
  2 hobgoblins (D:1)
  2 kobolds (D:1)
  3 bats (D:1)
  2 frilled lizards (D:1)
  A rat (D:1)
14 creatures vanquished.

Notes
Turn   | Place    | Note
-------+----------+-------------------------------------------
     0 | D:1      | ubloh the Deep Elf Fire Elementalist began the quest for
                  | the Orb.
     0 | D:1      | Reached XP level 1. HP: 10/10 MP: 6/6
   239 | D:1      | Reached XP level 2. HP: 15/15 MP: 4/8
   243 | D:1      | Learned a level 2 spell: Throw Flame
   454 | D:1      | Hit by a stone thrown by something

Action                   || total
-------------------------++-------
Throw: Stone             ||     5
 Cast: Flame Tongue      ||    16
       Throw Flame       ||     6
Armor: Robe              ||     2
Dodge: Dodged            ||     6
